 Dungeon Crawl Stone Soup version 0.22-a0-580-gd5db89c (webtiles) character file.

80341 emperorscorpion the Severer (level 15, -5/136 HPs)
             Began as a Hill Orc Fighter on July 3, 2018.
             Was a High Priest of Nemelex Xobeh.
             Splashed by a deep elf sorcerer's acid (9 damage)
             ... on level 2 of the Elven Halls.
             The game lasted 00:53:17 (23562 turns).

emperorscorpion the Severer (Hill Orc Fighter)     Turns: 23562, Time: 00:53:18

Health: -5/136     AC: 22    Str: 25    XL:     15   Next: 66%
Magic:  23/23      EV: 13    Int:  8    God:    Nemelex Xobeh [*****.]
Gold:   2642       SH: 19    Dex: 19    Spells: 20/21 levels left

rFire    . . .     SeeInvis .   a - +9 war axe "Giant's Toothpick" {chop, Dex+5}
rCold    . . .     Gourm    .   c - +1 shield
rNeg     . . .     Faith    .   o - +4 scale mail of Circular Logic {rElec}
rPois    .         Spirit   .   S - +2 helmet
rElec    +         Reflect  +   t - +0 cloak
rCorr    .         Harm     .   E - +2 pair of gloves {Dex+3}
MR       +....                  G - +0 pair of boots
Stlth    +.........             J - +4 amulet of reflection
HPRegen  0.32/turn              Y - ring of flight
MPRegen  0.18/turn              (no ring)

@: very slightly contaminated, drained
A: no striking features
a: Triple Draw, Deal Four, Stack Five, Renounce Religion, Convert to Beogh,
Evoke Flight


You were on level 2 of the Elven Halls.
You worshipped Nemelex Xobeh.
Nemelex Xobeh was extremely pleased with you.
You were hungry.

You visited 5 branches of the dungeon, and saw 23 of its levels.
You visited the Abyss 1 time.
You also visited: Ice Cave.

You collected 2691 gold pieces.
You spent 49 gold pieces at shops.

Inventory:

Hand Weapons
 a - the +9 war axe "Giant's Toothpick" (weapon) {chop, Dex+5}
   (You found it on level 5 of the Dungeon)

   It inflicts extra damage upon your enemies.
   It affects your dexterity (+5).
 b - a +2 war axe of flaming
Armour
 c - a +1 shield (worn)
 o - the +4 scale mail of Circular Logic (worn) {rElec}
   (You acquired it on level 3 of the Lair of Beasts)

   It insulates you from electricity.
 t - a +0 cloak (worn)
 E - a +2 pair of gloves of dexterity (worn)
 G - a +0 pair of boots (worn)
 S - a +2 helmet (worn)
 Z - a +3 scale mail of cold resistance
Jewellery
 I - an uncursed ring of ice
 J - a +4 amulet of reflection (around neck)
 Y - a ring of flight (left hand)
Wands
 C - a wand of iceblast (7)
 L - a wand of clouds (7)
 M - a wand of digging (15)
 N - a wand of acid (16)
Scrolls
 g - 2 scrolls of enchant weapon
 j - 7 scrolls of identify
 n - 5 scrolls of teleportation
 v - 6 scrolls of enchant armour
 x - 4 scrolls of magic mapping
 y - a scroll of acquirement
 A - a scroll of noise
 B - 3 scrolls of immolation
 O - 11 scrolls of remove curse
Potions
 d - 2 potions of might
 e - 5 potions of curing
 h - 2 potions of berserk rage
 i - 3 potions of flight
 k - 2 potions of cancellation
 p - 3 potions of brilliance
 q - a potion of agility
 r - a potion of mutation
 u - a potion of ambrosia
 w - 3 potions of invisibility
 z - a potion of heal wounds
 H - a potion of magic
 K - a potion of lignification
Miscellaneous
 l - an ornate deck of summoning {drawn: 1}
 m - a plain deck of summoning {drawn: 5}
 s - an ornate deck of escape {the Shaft, left: 5}
 D - a plain deck of destruction {drawn: 6}
 F - a plain deck of escape {drawn: 2}
 P - a plain deck of destruction {drawn: 2}
 Q - an ornate deck of summoning {drawn: 3}
 R - a plain deck of destruction {drawn: 6}
 U - a plain deck of escape
 V - an ornate deck of destruction
 X - a plain deck of escape
Comestibles
 f - 47 rations


   Skills:
 + Level 13.3(12.7) Fighting
 + Level 18.1(17.4) Axes
 + Level 11.2(10.7) Armour
 + Level 5.1(4.6) Dodging
 + Level 3.4(2.9) Stealth
 + Level 13.6(13.0) Shields
 - Level 3.7(3.2) Spellcasting
 - Level 4.4(4.0) Necromancy
 * Level 11.3(10.7) Invocations


You had 20 spell levels left.
You knew the following spells:

 Your Spells              Type           Power        Failure   Level  Hunger
A - Animate Skeleton      Necr           N/A          16%         1    ##.....

Your spell library contained the following spells:

 Spells                   Type           Power        Failure   Level  Hunger
 Cause Fear               Hex            #.........   100%        4    #####..
 Apportation              Tloc           #.....       63%         1    ##.....
 Slow                     Hex            #.......     77%         2    ###....
 Summon Small Mammal      Summ           #...         63%         1    ##.....
 Lehudib's Crystal Spear  Conj/Erth      #.........   100%        8    #######
 Fire Storm               Conj/Fire      #.........   100%        9    #######
 Poison Arrow             Conj/Pois      #.........   100%        6    #######
 Spider Form              Tmut/Pois      #.........   94%         3    ####...
 Blade Hands              Tmut           #.........   100%        5    ######.
 Ice Form                 Ice/Tmut       #.......     100%        4    #####..
 Glaciate                 Conj/Ice       #.........   100%        9    #######
 Confusing Touch          Hex            #.....       63%         1    ##.....
 Sticks to Snakes         Tmut           #.......     77%         2    ###....
 Corona                   Hex            #......      63%         1    ##.....
 Chain Lightning          Conj/Air       #.........   100%        8    #######
 Portal Projectile        Hex/Tloc       #.....       94%         3    ####...
 Leda's Liquefaction      Hex/Erth       #.........   100%        4    #####..
 Inner Flame              Hex/Fire       #.......     94%         3    ####...
 Beastly Appendage        Tmut           #.....       63%         1    ##.....


Dungeon Overview and Level Annotations

Branches:
Dungeon (12/15)            Temple (1/1) D:7            Lair (6/6) D:11
 Shoals (0/4) Lair:3        Snake (0/4) Lair:2        Slime (0/5) Lair:6
    Orc (2/2) D:9             Elf (2/3) Orc:2

Altars:
Cheibriados
Dithmenos
Elyvilon
Gozag
Hepliaklqana
Kikubaaqudgha
Makhleb
Nemelex Xobeh
Okawaru
Ru
Sif Muna
Trog
Vehumet
Wu Jian
Xom
Zin
Beogh
Jiyva

Shops:
D:9 [   Orc:2 :*[(

Portals:
Trove: D:11 (give 8 potions of agility)


Message History

You block the fire elemental's attack.
You slash the fire elemental!
You destroy the fire elemental!
The substance of the Abyss twists violently, and a gateway leading out appears!
You pass through the gate.
Welcome back to the Elven Halls!
The orc warrior closely misses you.
You block the deep elf sorcerer's attack.
The deep elf mage mumbles some strange words.
The deep elf mage hits you but does no damage.
The deep elf mage gestures at you while chanting.
The bolt of negative energy hits you!
You feel drained.
The deep elf mage gestures wildly while chanting.
The orc warrior barely misses you.
The deep elf sorcerer shouts, "You are history!"
The deep elf sorcerer gestures at you while chanting.
The bolt of acid hits you!
* * * LOW HITPOINT WARNING * * *
You are splashed with acid!
The acid burns!
You die...
Your body disappears without a glow.

###
#..[##
...oe.###
...4TYeo#
.....oe@#
...§.oee#
..§..ee(#
.§......#
E....§..#
....§...#
(..E..###
#...##


You could see a deep elf sorcerer, an orc high priest, a deep elf knight, 5 deep
elf magi, a troll, 2 fire elementals, a chaos spawn, 2 orc warriors, an ice
beast, a flail of holy wrath and an orc.

Vanquished Creatures
  A profane servitor (Abyss:3)
  A deep elf sorcerer (Elf:1)
  A ghoul (Abyss:3)
  A blizzard demon (Abyss:3)
  A deep elf high priest (Elf:1)
  The ghost of Qacson the Pandemonic, a journeyman HOMo of Makhleb (Orc:1)
  3 hydras
  4 dancing weapons
  A two-headed ogre (Orc:1)
  2 orc high priests (Orc:2)
  2 deep elf knights (Elf:1)
  5 skeletal warriors
  2 wretched stars (Abyss:3)
  A deep elf archer (Elf:1)
  A lindwurm (Lair:4)
  2 wizards (Elf:1)
  A necromancer (IceCv)
  4 orc knights
  2 orc sorcerers
  17 deep elf magi (Elf:1)
  An ugly thing (D:11)
  5 slime creatures (D:10)
  2 merfolk sirens (Lair:3)
  6 black mambas
  4 ice statues (IceCv)
  A molten gargoyle (Lair:6)
  An apocalypse crab (Abyss:3)
  10 spiny frogs
  An eye of devastation (D:10)
  An orange demon (Abyss:3)
  8 komodo dragons
  10 ice devils (IceCv)
  5 trolls
  2 merfolk (Lair:3)
  2 polar bears (Lair:2)
  2 hornets
  7 blink frogs
  5 dream sheep (Lair:6)
  5 hippogriffs
  An air elemental (Elf:1)
  3 spriggans
  A shadow (D:11)
  4 starcursed masses (Abyss:3)
  A wraith (Abyss:3)
  4 basilisks
  A water elemental (Elf:1)
  34 yaks
  2 wyverns
  2 steam dragons
  3 fire elementals
  A human (Lair:2)
  A chaos spawn (Abyss:3)
  Edmund (D:5)
  3 wargs (Orc:1)
  20 water moccasins
  A large abomination (Abyss:3)
  8 porcupines
  2 hell hounds (Lair:6)
  27 orc warriors
  A sky beast (D:11)
  4 black bears
  14 ogres
  2 ice beasts
  2 phantoms
  A boggart (Elf:1)
  8 wolves
  13 crocodiles
  5 centaurs
  A big kobold (D:8)
  2 small abominations (Abyss:3)
  10 bullfrogs
  2 earth elementals (Elf:1)
  A wyvern skeleton (D:6)
  A water moccasin skeleton (D:8)
  4 scorpions
  3 killer bees (D:8)
  13 wights
  7 howler monkeys
  2 electric eels
  A bullfrog zombie (D:6)
  6 crimson imps
  2 lava snakes (Lair:6)
  2 draconian simulacra (IceCv)
  12 orc priests
  5 hounds
  2 gnoll shamans
  5 jellies
  14 orc wizards
  Crazy Yiuf (D:3)
  Natasha (thrice) (D:3)
  2 bullfrog skeletons
  A centaur skeleton (D:5)
  An iguana (D:10)
  6 worker ants
  3 troll simulacra (IceCv)
  2 centaur simulacra (IceCv)
  A hound zombie (D:9)
  2 hound skeletons
  2 worker ant zombies
  10 gnolls
  23 adders
  2 naga simulacra (IceCv)
  An ogre simulacrum (IceCv)
  4 shadow imps
  A white imp (Abyss:3)
  2 oozes (D:3)
  An adder zombie (D:6)
  An adder skeleton (D:5)
  2 worms
  4 dart slugs
  4 leopard geckos
  43 orcs
  2 ball pythons (Lair:2)
  5 bats
  3 giant cockroaches
  8 hobgoblins
  12 jackals
  6 kobolds
  5 quokkas
  5 frilled lizards
  8 goblins
  6 rats
  A butterfly (Lair:5)
  14 fungi
  10 plants
603 creatures vanquished.

Vanquished Creatures (collateral kills)
  2 deep elf sorcerers (Elf:1)
  An orc warlord (Orc:2)
  A fire dragon (Lair:6)
  A death knight (Abyss:3)
  2 deep elf knights
  A glowing orange brain (D:10)
  A spatial maelstrom (Abyss:3)
  3 deep elf magi
  2 lindwurms
  A phantasmal warrior (Abyss:3)
  2 molten gargoyles (Lair:6)
  A black mamba (Lair:6)
  A rime drake (Lair:4)
  A komodo dragon (Lair:6)
  A hippogriff (Lair:6)
  A wyvern (Lair:6)
  2 basilisks (Lair:6)
  A steam dragon (Lair:6)
  A spatial vortex (Abyss:3)
  A water moccasin (Lair:4)
  2 hell hounds (Lair:6)
  4 orc warriors
  A wolf (Lair:6)
  A crocodile (Lair:4)
  3 bullfrogs (Lair:4)
  3 lava snakes (Lair:6)
  A starcursed mass (Abyss:3)
  2 orcs
44 creatures vanquished.

Vanquished Creatures (others)
  Nessos (Lair:6)
  A deep elf archer (Elf:1)
  A deep elf mage (Elf:1)
  3 centaurs
  A ball lightning (Elf:1)
  An orc (Orc:2)
  8 fungi
  25 plants
41 creatures vanquished.

Grand Total: 688 creatures vanquished

Notes
Turn   | Place    | Note
-------+----------+-------------------------------------------
     0 | D:1      | emperorscorpion the Hill Orc Fighter began the quest for the Orb.
     0 | D:1      | Reached XP level 1. HP: 19/19 MP: 1/1
   150 | D:1      | Reached XP level 2. HP: 16/27 MP: 2/2
   371 | D:1      | Reached skill level 3 in Axes
   720 | D:1      | Reached XP level 3. HP: 31/33 MP: 3/3
  1214 | D:1      | Reached XP level 4. HP: 17/40 MP: 4/4
  1562 | D:2      | Reached skill level 4 in Axes
  1971 | D:2      | Reached XP level 5. HP: 43/46 MP: 5/5
  2124 | D:2      | Found a sacrificial altar of Ru.
  2658 | D:3      | Found a runed door.
  2724 | D:3      | Noticed Crazy Yiuf
  2733 | D:3      | Killed Crazy Yiuf
  2733 | D:3      | Reached skill level 5 in Axes
  2733 | D:3      | Reached skill level 1 in Dodging
  3099 | D:3      | Noticed Natasha
  3111 | D:3      | Killed Natasha
  3111 | D:3      | Reached XP level 6. HP: 27/53 MP: 6/6
  3304 | D:3      | Noticed Natasha
  3316 | D:3      | Killed Natasha
  3347 | D:3      | Noticed Natasha
  3356 | D:3      | Killed Natasha
  3548 | D:4      | Found a white marble altar of Elyvilon.
  3564 | D:4      | Found a snail-covered altar of Cheibriados.
  3703 | D:4      | Reached skill level 6 in Axes
  4257 | D:5      | Entered Level 5 of the Dungeon
  4510 | D:5      | Reached XP level 7. HP: 57/60 MP: 7/7
  4644 | D:5      | Reached skill level 5 in Armour
  4850 | D:5      | Reached skill level 7 in Axes
  4944 | D:5      | Got an ichor-stained war axe
  4945 | D:5      | Identified the +9 war axe "Giant's Toothpick" {chop, Dex+5} (You found it on level 5 of the Dungeon)
  5151 | D:5      | Reached skill level 5 in Fighting
  5159 | D:5      | Reached XP level 8. HP: 59/69 MP: 8/8
  5293 | D:5      | Noticed Edmund
  5300 | D:5      | Killed Edmund
  5300 | D:5      | Reached skill level 8 in Axes
  5325 | D:5      | Found a shadowy altar of Dithmenos.
  5427 | D:6      | Reached skill level 5 in Shields
  5768 | D:6      | Reached skill level 9 in Axes
  5788 | D:6      | Found a hazy altar of Hepliaklqana.
  6122 | D:7      | Reached XP level 9. HP: 78/78 MP: 9/9
  6177 | D:7      | Reached skill level 10 in Axes
  6192 | D:7      | Reached skill level 1 in Stealth
  6218 | D:7      | Reached skill level 11 in Axes
  6525 | D:7      | Found an ancient bone altar of Kikubaaqudgha.
  6625 | D:7      | Found a staircase to the Ecumenical Temple.
  6630 | Temple   | Entered the Ecumenical Temple
  6706 | Temple   | Became a worshipper of Nemelex Xobeh the Trickster
  7001 | D:7      | Found an opulent altar of Gozag.
  7111 | D:8      | Received a gift from Nemelex Xobeh
  7520 | D:8      | Reached skill level 12 in Axes
  7538 | D:8      | Reached XP level 10. HP: 88/88 MP: 10/10
  7651 | D:8      | Noticed a skeletal warrior
  7657 | D:8      | Noticed a skeletal warrior
  7659 | D:8      | Noticed a skeletal warrior
  7690 | D:7      | Killed a skeletal warrior
  7887 | D:8      | Reached * piety under Nemelex Xobeh
  7994 | D:8      | Killed a skeletal warrior
  7994 | D:8      | Reached skill level 13 in Axes
  8161 | D:8      | Noticed a skeletal warrior
  8162 | D:8      | Noticed a skeletal warrior
  8197 | D:8      | Killed a skeletal warrior
  8208 | D:8      | Killed a skeletal warrior
  8548 | D:8      | Killed a skeletal warrior
  9117 | D:9      | Reached XP level 11. HP: 92/95 MP: 11/11
  9480 | D:9      | Reached skill level 14 in Axes
  9488 | D:9      | Found a radiant altar of Vehumet.
  9491 | D:9      | Found a burning altar of Makhleb.
  9608 | D:9      | Found a staircase to the Orcish Mines.
  9628 | D:9      | Found Ilokac's Armour Emporium.
  9782 | D:10     | Entered Level 10 of the Dungeon
  9920 | D:10     | Reached ** piety under Nemelex Xobeh
  9920 | D:10     | Received a gift from Nemelex Xobeh
 10198 | D:10     | Found a viscous altar of Jiyva.
 10762 | D:10     | Found a transporter.
 10843 | D:10     | Found a transporter.
 10844 | D:10     | Noticed a glowing orange brain
 10869 | D:10     | Reached skill level 15 in Axes
 10876 | D:10     | Killed a glowing orange brain
 11211 | D:11     | Found a portal to a secret trove of treasure.
 11269 | D:11     | Received a gift from Nemelex Xobeh
 11289 | D:11     | Found a staircase to the Lair.
 11303 | Lair:1   | Entered Level 1 of the Lair of Beasts
 11426 | Lair:1   | Reached skill level 1 in Invocations
 11481 | Lair:1   | Reached *** piety under Nemelex Xobeh
 11674 | Lair:1   | Reached XP level 12. HP: 100/106 MP: 14/14
 11905 | Lair:1   | Received a gift from Nemelex Xobeh
 11912 | Lair:1   | Reached skill level 10 in Fighting
 12031 | Lair:2   | Reached **** piety under Nemelex Xobeh
 12032 | Lair:2   | Noticed a death yak
 12033 | Lair:2   | Noticed a death yak
 12034 | Lair:2   | Noticed a death yak
 12184 | Lair:2   | a death yak changed into something unseen
 12184 | Lair:2   | Noticed a catoblepas
 12184 | Lair:2   | a death yak changed into a catoblepas
 12184 | Lair:2   | Noticed a catoblepas
 12184 | Lair:2   | a death yak changed into a catoblepas
 12354 | Lair:2   | Found a staircase to the Snake Pit.
 12484 | Lair:2   | Reached skill level 16 in Axes
 12566 | Lair:2   | Received a gift from Nemelex Xobeh
 12965 | Lair:3   | Found a staircase to the Shoals.
 13088 | Lair:3   | Found a frozen archway.
 13088 | Lair:3   | Received a gift from Nemelex Xobeh
 13113 | IceCv    | Entered an ice cave
 13517 | IceCv    | Reached ***** piety under Nemelex Xobeh
 13524 | IceCv    | Reached skill level 10 in Shields
 13769 | IceCv    | Reached skill level 5 in Invocations
 13846 | IceCv    | Got a scorched rapier
 13847 | IceCv    | Identified the +10 rapier of Xeum {drain, +Rage rN+++ Int-4} (You found it in an ice cave)
 14077 | Lair:3   | Identified a scroll of acquirement
 14078 | Lair:3   | Got a fine scale mail
 14095 | Lair:3   | Identified the +4 scale mail of Circular Logic {rElec} (You acquired it on level 3 of the Lair of Beasts)
 14153 | Lair:3   | Reached XP level 13. HP: 116/116 MP: 17/17
 14156 | Lair:3   | Reached skill level 10 in Armour
 14245 | Lair:3   | Received a gift from Nemelex Xobeh
 14521 | Lair:3   | Learned a level 1 spell: Animate Skeleton
 15300 | Lair:4   | Reached skill level 1 in Spellcasting
 15375 | Lair:4   | Reached skill level 1 in Necromancy
 15418 | Lair:4   | Reached skill level 17 in Axes
 16037 | Lair:5   | Received a gift from Nemelex Xobeh
 16343 | Lair:5   | Received a gift from Nemelex Xobeh
 16679 | Lair:6   | Entered Level 6 of the Lair of Beasts
 16684 | Lair:6   | Noticed Nessos
 16691 | Lair:6   | Killed Nessos
 16945 | Lair:6   | Received a gift from Nemelex Xobeh
 17064 | Lair:6   | Received a gift from Nemelex Xobeh
 17163 | Lair:6   | Reached XP level 14. HP: 125/125 MP: 19/19
 17271 | Lair:6   | Found a large runed door.
 17271 | Lair:6   | Found a large runed door.
 17595 | Lair:6   | Found a staircase to the Slime Pits.
 17596 | Lair:6   | Found a viscous altar of Jiyva.
 17611 | Lair:6   | Found a sacrificial altar of Ru.
 18486 | D:11     | Received a gift from Nemelex Xobeh
 18673 | D:11     | Found a deep blue altar of Sif Muna.
 18921 | D:11     | Found a roughly hewn altar of Beogh.
 19340 | Orc:1    | Entered Level 1 of the Orcish Mines
 19571 | Orc:1    | Found a runed door.
 19571 | Orc:1    | Found a shimmering altar of Xom.
 19571 | Orc:1    | Noticed Qacson's ghost (journeyman HOMo)
 19591 | Orc:1    | Killed Qacson's ghost
 19598 | Orc:1    | Identified the +8 glaive of Quah {venom, Str+4} (You found it on level 1 of the Orcish Mines)
 19806 | Orc:2    | Entered Level 2 of the Orcish Mines
 19806 | Orc:2    | Found Yraezowy's Book Shoppe.
 19806 | Orc:2    | Noticed an orc warlord
 19845 | Orc:2    | HP: 4/127 [orc warlord/halberd (18)]
 19853 | Orc:2    | Killed an orc warlord
 20730 | Orc:2    | Found a staircase to the Elven Halls.
 20761 | Orc:2    | Reached ****** piety under Nemelex Xobeh
 20771 | Orc:2    | Found Uvey's General Store.
 20775 | Orc:2    | Received a gift from Nemelex Xobeh
 20780 | Orc:2    | Bought a scroll of magic mapping for 49 gold pieces
 20856 | Orc:2    | Found Loloty's Antique Armour Shop.
 20894 | Orc:2    | Received a gift from Nemelex Xobeh
 21147 | Orc:2    | Found Cudumol's Antique Weapon Shoppe.
 21427 | Elf:1    | Entered Level 1 of the Elven Halls
 21577 | Elf:1    | Reached skill level 10 in Invocations
 21584 | Elf:1    | Noticed a deep elf sorcerer
 21588 | Elf:1    | Killed a deep elf sorcerer
 21588 | Elf:1    | Reached XP level 15. HP: 32/134 MP: 22/22
 22206 | Elf:1    | Received a gift from Nemelex Xobeh
 22734 | Elf:1    | Noticed a deep elf sorcerer
 22734 | Elf:1    | Noticed a deep elf sorcerer
 22744 | Elf:1    | Killed a deep elf sorcerer
 22745 | Elf:1    | Killed a deep elf sorcerer
 23156 | Elf:2    | Noticed a deep elf sorcerer
 23163 | Elf:2    | Cast into level 3 of the Abyss (a deep elf sorcerer)
 23163 | Abyss:3  | Found a corrupted altar of Lugonu.
 23197 | Abyss:3  | Received a gift from Nemelex Xobeh
 23227 | Abyss:3  | Noticed a ghoul
 23244 | Abyss:3  | Reached skill level 18 in Axes
 23245 | Abyss:3  | Noticed a profane servitor
 23246 | Abyss:3  | Killed a ghoul
 23260 | Abyss:3  | Killed a profane servitor
 23260 | Abyss:3  | Reached skill level 5 in Dodging
 23562 | Elf:2    | Escaped the Abyss
 23562 | Elf:2    | HP: 4/136 [deep elf sorcerer/bolt of acid (38)]
 23562 | Elf:2    | Splashed by a deep elf sorcerer's acid

Vault maps used:
D:1:      minmay_arrival_open_corners
D:2:      nicolae_ru_path_of_blood
D:3:      first_ration, uniq_crazy_yiuf_cottage, uniq_natasha
D:4:      elyvilon_altar_5, kennysheep_slug_shrine
D:5:      grunt_dithmenos_shadows, uniq_edmund
D:6:      kennysheep_little_box, serial_bayou_pond_c
D:7:      marbit_many_paths, nicolae_gozag_seed_capital, temple_doors_ab
D:8:      blue_anna_alchemist, hex_large
D:9:      grunt_temple_overflow_lords_of_destruction, orc_0_dummy, serial_shops,
          nicolae_shop_waterfront
D:10:     gammafunk_jiyva_shrine, kennysheep_doodads
D:11:     dpeg_oklobed_lair, special_room, nicolae_trove_entry_crossroad,
          basic_altar
D:12:     minmay_separated_statues, nemelex_xobeh_ov_fountains_minmay
Temple:   dpeg_chambers_temple
Lair:2:   minmay_snake_entry_six_corridors, st_stairs_4,
          grunt_forest_stairs_clearing
Lair:3:   elwin_shoals_entry_stream, portal_ice_cave_entry_pillars_1
Lair:4:   cheibrodos_lair_overgrown_chateau
Lair:5:   wad_woods_tower, cheibrodos_lair_caveside_slide, serial_bayou_shore_b,
          lemuel_fruit_fields
Lair:6:   cheibrodos_lair_end_hotspot, slime_altar_1,
          nicolae_quartered_pool_little, lemuel_centaur_altar, uniq_nessos
Orc:1:    ebering_ghost_xom
Orc:2:    grunt_orc_gardens, grunt_orc_garden, grunt_orc_garden,
          grunt_orc_garden, grunt_orc_garden
Elf:1:    hangedman_elf_disciples
Elf:2:    special_room, uniq_aizul
Abyss:3:  minivault_25_ag
IceCv:    ice_cave_tombish

Skill      XL: |  1  2  3  4  5  6  7  8  9 10 11 12 13 14 15 |
---------------+----------------------------------------------+-----
Axes           | 3 4 5 6 7 9 12 13 15 16 17 18 | 18.1
Fighting       | 4 5 6 7 8 9 11 12 13 | 13.3
Armour         | 4 5 6 8 9 10 11 | 11.2
Shields        | 4 5 6 8 9 10 11 12 13 | 13.6
Dodging        | 1 2 3 4 5 |  5.1
Stealth        | 1 2 3 |  3.4
Invocations    | 2 5 7 10 11 | 11.3
Spellcasting   | 2 3 |  3.7
Necromancy     | 2 4 |  4.4

Action                   |  1- 3 |  4- 6 |  7- 9 | 10-12 | 13-15 || total
-------------------------+-------+-------+-------+-------+-------++-------
Melee: War axe           |    89 |   238 |   217 |   500 |   826 ||  1870
 Cast: Animate Skeleton  |       |       |       |       |    40 ||    40
Invok: Stack Five        |       |       |       |       |     1 ||     1
Evoke: Deck              |       |       |       |    11 |    50 ||    61
  Use: Scroll            |       |       |    12 |    17 |     6 ||    35
       Potion            |       |       |       |     2 |     2 ||     4
 Stab: Distracted        |       |       |       |     1 |     8 ||     9
       Petrified         |       |       |       |       |     1 ||     1
  Eat: Chunk             |       |    12 |     7 |    14 |    28 ||    61
       Ration            |       |       |     1 |     2 |     1 ||     4
Armor: Scale mail        |    34 |    89 |     4 |     1 |   149 ||   277
       Chain mail        |       |       |    69 |   105 |       ||   174
Dodge: Dodged            |    33 |    77 |    37 |    55 |   156 ||   358
Block: Shield            |    47 |   124 |   115 |   269 |   534 ||  1089
       Reflection        |       |       |       |    13 |    31 ||    44

Table legend:
 A = Spawn XP
 B = Non-spawn XP
 C = Spawn XP percentage of total XP
 D = Spawn monster count
 E = Non-spawn monster count
 F = Spawn count percentage of total count
 G = Total turns spent on level
                    A         B        C        D         E        F      G
               +---------+---------+-------+---------+---------+-------+---------
         Total |    9527 |  105246 |   8.3 |      17 |     611 |   2.7 | 23562
               +---------+---------+-------+---------+---------+-------+---------
           D:1 |       0 |      86 |   0.0 |       0 |      25 |   0.0 |  1261
           D:2 |       0 |      90 |   0.0 |       0 |      20 |   0.0 |  1154
           D:3 |       0 |     243 |   0.0 |       0 |      26 |   0.0 |  1098
           D:4 |       0 |      71 |   0.0 |       0 |       7 |   0.0 |   901
           D:5 |       0 |     901 |   0.0 |       0 |      25 |   0.0 |  1001
           D:6 |       0 |     846 |   0.0 |       0 |      25 |   0.0 |   702
           D:7 |       0 |    2357 |   0.0 |       0 |      23 |   0.0 |   924
           D:8 |       0 |    4477 |   0.0 |       0 |      28 |   0.0 |  1848
           D:9 |       0 |    1263 |   0.0 |       0 |      20 |   0.0 |   828
          D:10 |       0 |    5233 |   0.0 |       0 |      32 |   0.0 |  1371
          D:11 |       0 |    4037 |   0.0 |       0 |      49 |   0.0 |  1044
          D:12 |       0 |      14 |   0.0 |       0 |       1 |   0.0 |    16
        Lair:1 |       0 |    3543 |   0.0 |       0 |      16 |   0.0 |   866
        Lair:2 |       0 |    3635 |   0.0 |       0 |      30 |   0.0 |   726
        Lair:3 |       0 |    4401 |   0.0 |       0 |      17 |   0.0 |   917
        Lair:4 |       0 |    9974 |   0.0 |       0 |      44 |   0.0 |  1141
        Lair:5 |       0 |    3914 |   0.0 |       0 |      20 |   0.0 |   999
        Lair:6 |       0 |   15271 |   0.0 |       0 |      59 |   0.0 |  1642
         Orc:1 |       0 |    6171 |   0.0 |       0 |      21 |   0.0 |  1033
         Orc:2 |       0 |    8355 |   0.0 |       0 |      50 |   0.0 |  1054
         Elf:1 |       0 |   22831 |   0.0 |       0 |      41 |   0.0 |  1729
         Elf:2 |       0 |     904 |   0.0 |       0 |       2 |   0.0 |     7
       Abyss:3 |    9527 |     801 |  92.2 |      17 |       5 |  77.3 |   399
         IceCv |       0 |    5828 |   0.0 |       0 |      25 |   0.0 |   816
               +---------+---------+-------+---------+---------+-------+---------
